 Dungeon Crawl Stone Soup version 0.29.0-15-g675c0067aa (webtiles) character file.

Game seed: 7894924993345804938

920 Powertoast the Conjurer (level 8, 0/49 HPs)
             Began as a Gargoyle Earth Elementalist on Sept 11, 2022.
             Was a Follower of Sif Muna.
             Slain by an orc warrior
             ... wielding a +0 halberd
              (9 damage)
             ... on level 6 of the Dungeon.
             The game lasted 00:14:55 (4125 turns).

Powertoast the Conjurer (GrEE)                      Turns: 4125, Time: 00:14:55

Health: 0/49       AC: 13    Str: 16    XL:     8   Next: 10%
Magic:  11/11      EV: 10    Int: 17    God:    Sif Muna [*.....]
Gold:   168        SH:  0    Dex: 10    Spells: 6/12 levels left

rFire   . . .      SeeInvis .   a - +9 hand axe "Fadoipur" {pain, Str+3}
rCold   . . .      Faith    .   (no shield)
rNeg    + . .      Spirit   .   F - +1 ring mail {rPois}
rPois   ∞          Reflect  .   (no helmet)
rElec   +          Harm     .   (no cloak)
rCorr   .          Rampage  .   (no gloves)
Will    .....                   g - +0 pair of boots
Stlth   +.........              (no amulet)
HPRegen 0.16/turn               (no ring)
MPRegen 0.12/turn               (no ring)

@: no status effects
A: sickness immunity, AC +5, negative energy resistance 1, electricity
resistance, torment resistance 1, petrification resistance
a: Renounce Religion, Channel Magic


You were on level 6 of the Dungeon.
You worshipped Sif Muna.
Sif Muna was aware of your devotion.
You visited 1 branch of the dungeon, and saw 5 of its levels.

You collected 168 gold pieces.

Inventory:

Hand Weapons
 a - the +9 hand axe "Fadoipur" (weapon) {pain, Str+3}
   (You found it on level 2 of the Dungeon)

   In the hands of one skilled in necromantic magic, it inflicts extra damage on
   living creatures.
   Str:       It affects your strength (+3).
 b - a +0 longbow of freezing
 c - the +8 hand axe of Due Proportion {protect, rN+ Will+}
   (You found it on level 5 of the Dungeon)

   It grants its wielder temporary protection when it strikes (+7 to AC).
   rN:        It protects you from negative energy.
   Will:      It increases your willpower.
 l - a +2 dagger of venom
Missiles
 d - 3 datura-tipped darts
 j - 2 atropa-tipped darts
Armour
 g - a +0 pair of boots (worn)
 o - a +0 robe
 p - a +0 chain mail
 v - a +0 leather armour
 F - a +1 ring mail of poison resistance (worn)
Magical Staves
 n - a staff of death
Jewellery
 w - an amulet of magic regeneration
Scrolls
 f - 2 scrolls of noise {unknown}
 h - a scroll of blinking
 i - 3 scrolls of identify {unknown}
 k - 3 scrolls of silence {unknown}
 m - a scroll of butterflies {unknown}
 q - 2 scrolls of amnesia {unknown}
 r - a scroll of teleportation {unknown}
 y - 3 scrolls of immolation {unknown}
 A - 2 scrolls of vulnerability {unknown}
 B - a scroll of enchant weapon {unknown}
 E - 2 scrolls of enchant armour {unknown}
Potions
 s - a potion of berserk rage {unknown}
 t - a potion of lignification {unknown}
 u - a potion of ambrosia {unknown}
 x - a potion of magic
 z - a potion of attraction {unknown}
 C - 3 potions of mutation {unknown}
 D - a potion of curing {unknown}


   Skills:
 - Level 5.0 Fighting
 + Level 2.5 Axes
 + Level 1.7 Armour
 - Level 1.5 Dodging
 - Level 2.1 Stealth
 + Level 2.5 Spellcasting
 * Level 5.8 Conjurations
 - Level 0.7 Transmutations
 + Level 5.4 Earth Magic


You had 6 spell levels left.
You knew the following spells:

 Your Spells              Type           Power      Damage    Failure   Level
a - Sandblast             Erth           40%        2d10      3%          1
b - Passwall              Tmut/Erth      10%        N/A       14%         2
c - Stone Arrow           Conj/Erth      42%        3d9       11%         3

Your spell library contained the following spells:

 Spells                   Type           Power      Damage    Failure   Level
 Poisonous Vapours        Pois/Air       4%         N/A       45%         2
 Petrify                  Tmut/Erth      12%        N/A       67%         4
 Corpse Rot               Necr/Pois/Air  2%         N/A       98%         4


Dungeon Overview and Level Annotations

Branches:
Dungeon (6/15)             Temple (0/1) D:5

Altars:
Kikubaaqudgha
Sif Muna
Zin


Innate Abilities, Weirdness & Mutations

You are immune to sickness and miasma.
Your stone body is resilient. (AC +5)
You are immune to poison.
You resist negative energy. (rN+)
You are resistant to electric shocks. (rElec)
You are resistant to unholy torment.
You are immune to petrification.


Message History

Something hits you but does no damage.
You hit the orc warrior but do no damage.
The orc warrior is heavily wounded.
You slash something! You hit something but do no damage.
You hear some strange, mumbled words.
A magic dart appears from out of thin air!
The magic dart hits you.
* * * LOW HITPOINT WARNING * * *
You feel much better.
The orc priest looks braver for a moment.
Something hits you but does no damage. x2
You hit something but do no damage. You punch something. You miss something.
You hit the orc warrior but do no damage.
The orc warrior closely misses you. Something hits you.
Something hits you but does no damage. The orc warrior barely misses you.
You slash something! Sif Muna accepts your kill.
Reactivating autopickup.
You feel a bit more experienced.
You slash something! Sif Muna accepts your kill.
You can now call upon Sif Muna for magical energy.
You feel a bit more experienced.
You hit the orc warrior but do no damage.
The orc warrior hits you but does no damage.
The orc warrior closely misses you.
Things that are here:
a +0 dagger; a +0 robe You barely miss the orc priest.
The orc priest is almost dead.
You hit the orc warrior but do no damage.
The orc priest invokes the aid of Beogh against you.
Pain shoots through your body!
The orc warrior hits you with a +0 halberd!
* * * LOW HITPOINT WARNING * * *
You hit the orc priest.
You kill the orc priest!
Sif Muna accepts your kill.
You hit the orc warrior.
The orc warrior hits you with a +0 halberd!
You die...

#.##.##########
#.##.....#######+###
#................ #
#............# .#
#............# #.#
##...######.#####.#
#...# #..#... #...#
#..#.## #...#
#)o@).# #...#
#.......)#
#.....#### #...(.#
..##### ... ....
#####


You could see an orc warrior.

Vanquished Creatures
  An ice beast (D:5)
  2 phantoms
  2 bullfrogs (D:6)
  A scorpion (D:5)
  4 hounds (D:5)
  A jelly (D:6)
  An orc priest (D:6)
  3 iguanas
  5 orc wizards
  3 gnolls (D:2)
  5 adders
  A shadow imp (D:5)
  A worm (D:3)
  2 dart slugs (D:2)
  8 orcs
  4 endoplasms
  2 giant cockroaches (D:3)
  3 goblins
  5 hobgoblins
  A quokka (D:1)
  5 ball pythons
  3 bats
  6 frilled lizards
  5 kobolds
  2 rats
76 creatures vanquished.

Notes
Turn   | Place    | Note
-------+----------+-------------------------------------------
     0 | D:1      | Powertoast the Gargoyle Earth Elementalist began the quest
                  | for the Orb.
     0 | D:1      | Reached XP level 1. HP: 10/10 MP: 3/3
   117 | D:1      | Reached XP level 2. HP: 14/15 MP: 3/5
   722 | D:1      | Found a faded altar of an unknown god.
   990 | D:2      | Reached skill level 5 in Earth Magic
   990 | D:2      | Reached skill level 1 in Conjurations
   990 | D:2      | Reached XP level 3. HP: 19/19 MP: 6/6
   993 | D:2      | Learned a level 2 spell: Passwall
   997 | D:2      | Learned a level 3 spell: Stone Arrow
  1073 | D:2      | Reached XP level 4. HP: 24/24 MP: 4/7
  1631 | D:2      | Identified the +9 hand axe "Fadoipur" {pain, Str+3}
  1898 | D:3      | Found a shimmering blue altar of Sif Muna.
  1928 | D:3      | Became a worshipper of Sif Muna the Loreminder
  2035 | D:3      | Reached skill level 1 in Fighting
  2126 | D:3      | Found an ancient bone altar of Kikubaaqudgha.
  2176 | D:3      | HP: 1/25 [iguana (9)]
  2180 | D:3      | Reached XP level 5. HP: 2/30 MP: 8/8
  2507 | D:3      | You fall into a shaft and drop 2 floors!
  2507 | D:5      | Entered Level 5 of the Dungeon
  2578 | D:5      | Identified the +8 hand axe of Due Proportion {protect, rN+
                  | Will+}
  2768 | D:5      | Noticed an ice beast
  2773 | D:5      | Reached XP level 6. HP: 18/37 MP: 9/9
  2779 | D:5      | Killed an ice beast
  2992 | D:5      | Reached skill level 1 in Axes
  2992 | D:5      | Reached XP level 7. HP: 32/44 MP: 8/10
  3161 | D:5      | Found a staircase to the Ecumenical Temple.
  3513 | D:5      | Reached skill level 5 in Fighting
  3587 | D:5      | Reached skill level 5 in Conjurations
  3595 | D:5      | Found a glowing silver altar of Zin.
  3889 | D:6      | Reached skill level 1 in Armour
  3941 | D:6      | Reached XP level 8. HP: 35/49 MP: 11/11
  4122 | D:6      | Reached * piety under Sif Muna
  4125 | D:6      | Slain by an orc warrior

Illustrated notes

Levels and vault maps discovered:
D:1:      dpeg_arrival_connections, layout_basic,
          dilly_ecumenical_altar_fadedgnrine, minmay_misc_feat_more_columns,
          minmay_misc_feat_square, serial_bayou_crossing
D:2:      layout_basic, dk_noncrumbling_4, grunt_decor_resistance
D:3:      layout_rooms, overflow_temple_1_default,
          mainiacjoe_overflow_concentric_impassable, uniq_jessica
D:5:      layout_loops_ring, lemuel_coloured_pillars_altar,
          minmay_temple_entry_drinking_statues, hex_tiny
D:6:      layout_basic, serial_co_window_serial, co_window_cross_1,
          co_window_corner_a, co_window_of_opportunity_a,
          co_window_of_opportunity_a, co_window_corner_a, co_window_corner_cb,
          co_window_of_opportunity_b, co_window_2corner, co_window_cross_3,
          co_window_unsneaky_path_c, co_window_corner_cb, glass_columns_a,
          glass_columns_a, hangedman_decor_peaks_small, uniq_prince_ribbit1,
          uniq_blork_the_orc, uniq_sigmund

Skill      XL: |  1  2  3  4  5  6  7 |
---------------+----------------------+-----
Earth Magic    | 4 5 |  5.4
Conjurations   | 1 2 3 4 5 |  5.8
Fighting       | 1 3 4 5 |  5.0
Axes           | 1 2 |  2.5
Armour         | 1 |  1.7
Dodging        | |  1.5
Stealth        | |  2.1
Spellcasting   | |  2.5
Transmutations | |  0.7

Action                   |  1- 3 |  4- 6 |  7- 9 || total
-------------------------+-------+-------+-------++-------
Melee: Hand axe          |       |    56 |    44 ||   100
       Punch             |       |       |     3 ||     3
 Fire: Longbow           |    44 |    10 |    33 ||    87
 Cast: Sandblast         |    11 |    15 |     1 ||    27
  Use: Scroll            |     1 |       |       ||     1
       Potion            |       |       |     2 ||     2
Armor: Robe              |     3 |       |       ||     3
       Chain mail        |       |    14 |       ||    14
       Leather armour    |       |    19 |     9 ||    28
       Ring mail         |       |       |    23 ||    23
Dodge: Dodged            |    14 |    26 |    37 ||    77
